 Dungeon Crawl Stone Soup version 0.20.1-1-g8b1a95d (webtiles) character file.

70 robba the Charmwright (level 4, -3/33 HPs)
             Began as a Human Skald on Sept 7, 2017.
             Was an Initiate of Uskayaw.
             Slain by an orc
             ... wielding a +0 mace
              (8 damage)
             ... on level 3 of the Dungeon.
             The game lasted 00:21:16 (1740 turns).

robba the Charmwright (Human Skald)                 Turns: 1740, Time: 00:21:17

Health: -3/33      AC:  3    Str: 12    XL:     4   Next: 44%
Magic:  0/7        EV: 12    Int: 13    God:    Uskayaw [......]
Gold:   81         SH:  0    Dex: 13    Spells: 1/7 levels left

rFire    . . .     SeeInvis .   j - +2 short sword (elec)
rCold    . . .     Gourm    .   (no shield)
rNeg     . . .     Faith    .   b - +0 leather armour
rPois    +         Spirit   .   (no helmet)
rElec    .         Reflect  .   (no cloak)
rCorr    .         Harm     .   (no gloves)
MR       .....                  (no boots)
Stlth    +.........             (no amulet)
Regen    0.2/turn               s - ring of poison resistance
MPRegen  0.1/turn               (no ring)

@: infused, singing
A: no striking features
a: Renounce Religion


You were on level 3 of the Dungeon.
You worshipped Uskayaw.
Uskayaw was noncommittal.
You were not hungry.

You visited 1 branch of the dungeon, and saw 3 of its levels.

You collected 81 gold pieces.

Inventory:

Hand Weapons
 g - a +0 mace
 j - a +2 short sword of electrocution (weapon)
Missiles
 a - 7 needles of confusion (quivered)
 m - 13 poisoned needles
Armour
 b - a +0 leather armour (worn)
 f - a +0 ring mail
Jewellery
 s - a ring of poison resistance (left hand)
Scrolls
 e - 2 scrolls of amnesia {unknown}
 h - 3 scrolls of identify {unknown}
 n - a scroll of immolation {unknown}
 o - 2 scrolls of enchant armour {unknown}
 p - a scroll of teleportation {unknown}
 r - a scroll of recharging {unknown}
Potions
 k - a potion of heal wounds {unknown}
 l - a potion of agility {unknown}
 t - a potion of curing {unknown}
Books
 c - a book of Battle

   Spells                             Type                      Level
   a - Infusion                       Charms                       1
   b - Shroud of Golubria             Charms/Translocation         2
   c - Song of Slaying                Charms                       2
   d - Spectral Weapon                Hexes/Charms                 3
   e - Regeneration                   Charms/Necromancy            3
Comestibles
 d - a bread ration
 i - 3 royal jellies
 q - 2 fruits


   Skills:
 + Level 2.0 Fighting
 + Level 1.2 Short Blades
 + Level 2.6 Maces & Flails
 + Level 1.2 Armour
 + Level 2.3 Dodging
 + Level 0.2 Stealth
 + Level 2.2 Spellcasting
 + Level 3.7 Charms


You had one spell level left.
You knew the following spells:

 Your Spells              Type           Power        Failure   Level  Hunger
a - Infusion              Chrm           ##..         7%          1    ##.....
b - Song of Slaying       Chrm           ##......     11%         2    ###....
c - Spectral Weapon       Hex/Chrm       #.......     41%         3    ####...


Dungeon Overview and Level Annotations

Branches:
Dungeon (3/15)

Altars:
Gozag
Nemelex Xobeh
Uskayaw


Message History

The puff of flame hits you! The orc hits you but does no damage.
The orc wizard barely misses you.
You closely miss the orc wizard. The orc hits you but does no damage.
The orc wizard hits you but does no damage.
The orc hits you with a mace. The adder barely misses you.
You barely miss the orc. The orc wizard casts a spell at you.
The magic dart hits you! The orc closely misses you. The adder bites you.
The orc hits you with a mace.
* * * LOW HITPOINT WARNING * * *
You stomp with the beat, sending a shockwave through the revelers around you!
The orc is severely wounded.
The orc is heavily wounded.
The adder is heavily wounded.
The orc wizard is heavily wounded.
You feel somewhat more hungry.
You can no longer stomp with the beat.
The adder bites you but does no damage.
The orc wizard hits you but does no damage.
The orc barely misses you. The orc hits you with a mace!
You die...

..#. . #########.#.
.#. ...........
....###$###..#..##
...$.............#
.....#...........###
....%.oo...........#
...#o@......<..#.###
#...S......#.#†....#
....###..#.....##.†#.#
##. #..#..#####....#
....!...# #..### #
$.......# ##...# #
#.#####..#### #...###
... #.....# ##...). ##
#.###.####.###.


You could see an orc wizard, an adder and 2 orcs.

Vanquished Creatures
  2 adders (D:2)
  An ooze (D:2)
  2 dart slugs (D:1)
  A leopard gecko (D:1)
  A giant cockroach (D:2)
  7 goblins
  5 hobgoblins
  2 quokkas (D:2)
  10 bats
  3 frilled lizards
  5 kobolds
  6 rats
45 creatures vanquished.

Notes
Turn   | Place    | Note
-------+----------+-------------------------------------------
     0 | D:1      | robba the Human Skald began the quest for the Orb.
     0 | D:1      | Reached XP level 1. HP: 16/16 MP: 3/3
   276 | D:1      | Reached XP level 2. HP: 4/22 MP: 0/5
   356 | D:1      | Learned a level 2 spell: Song of Slaying
   745 | D:1      | Reached XP level 3. HP: 26/27 MP: 1/6
  1200 | D:2      | Learned a level 3 spell: Spectral Weapon
  1210 | D:2      | Found a sparkling altar of Nemelex Xobeh.
  1210 | D:2      | Found an opulent altar of Gozag.
  1280 | D:2      | Found a hide-covered altar of Uskayaw.
  1299 | D:2      | Became a worshipper of Uskayaw the Reveler
  1317 | D:2      | Reached * piety under Uskayaw
  1465 | D:2      | Reached XP level 4. HP: 19/33 MP: 7/7
  1575 | D:2      | Reached skill level 1 in Short Blades
  1620 | D:2      | Reached ** piety under Uskayaw
  1740 | D:3      | Slain by an orc

Skill      XL: |  1  2  3  4 |
---------------+-------------+-----
Short Blades   | 1 |  1.2
Fighting       | |  2.0
Maces & Flails | |  2.6
Armour         | |  1.2
Dodging        | |  2.3
Stealth        | |  0.2
Spellcasting   | |  2.2
Charms         | |  3.7

Action                   |  1- 3 |  4- 6 || total
-------------------------+-------+-------++-------
Melee: Mace              |    53 |       ||    53
       Short sword       |    37 |    24 ||    61
 Cast: Infusion          |    17 |     5 ||    22
       Song of Slaying   |     1 |     2 ||     3
Invok: Stomp             |     1 |     2 ||     3
  Eat: Bread ration      |     1 |       ||     1
Armor: Leather armour    |    27 |     7 ||    34
Dodge: Dodged            |    85 |    25 ||   110
